 Dungeon Crawl Stone Soup version 0.21.1-1-g345015fe64 (webtiles) character file.

104 Loge the Ruffian (level 4, 0/45 HPs)
             Began as a Troll Monk on July 18, 2018.
             Slain by an adder (2 damage)
             ... on level 2 of the Dungeon.
             The game lasted 00:02:02 (1644 turns).

Loge the Ruffian (Troll Monk)                       Turns: 1644, Time: 00:02:03

Health: 0/45       AC:  5    Str: 19    XL:     4   Next: 52%
Magic:  3/3        EV: 10    Int:  6    God:
Gold:   113        SH:  0    Dex: 13    Spells: 3/3 levels left

rFire    . . .     SeeInvis .     - Unarmed
rCold    . . .     Gourm    +   (no shield)
rNeg     . . .     Faith    .   a - +0 robe
rPois    .         Spirit   .   (helmet restricted)
rElec    .         Reflect  .   (no cloak)
rCorr    .         Harm     .   (gloves unavailable)
MR       .....                  (boots unavailable)
Stlth    ++........             (no amulet)
HPRegen  0.55/turn              (no ring)
MPRegen  0.08/turn              (no ring)

@: no status effects
A: large, unfitting armour, claws 3, fast metabolism 3, gourmand, regeneration
1, shaggy fur 1, tough skin 2
a: no special abilities


You were on level 2 of the Dungeon.
You were very full.

You visited 1 branch of the dungeon, and saw 3 of its levels.

You collected 113 gold pieces.

Inventory:

Missiles
 e - 113 stones (quivered)
Armour
 a - a +0 robe (worn)
Jewellery
 i - a +3 ring of evasion {unknown}
 n - a cursed -2 ring of protection {unknown}
Scrolls
 c - 3 scrolls of identify {unknown}
 d - a scroll of amnesia {unknown}
 g - 2 scrolls of fear {unknown}
 j - 2 scrolls of teleportation {unknown}
 p - a scroll of noise {unknown}
Potions
 f - 6 potions of curing {unknown}
 h - a potion of heal wounds {unknown}
 k - a potion of cancellation {unknown}
 l - 2 potions of brilliance {unknown}
 m - a potion of degeneration {unknown}
Comestibles
 b - 6 rations
 o - 6 chunks of flesh


   Skills:
 + Level 3.2 Fighting
 - Level 2.4 Dodging
 - Level 1.0 Stealth
 * Level 4.7 Unarmed Combat


You had 3 spell levels left.
You didn't know any spells.

Dungeon Overview and Level Annotations

Branches:
Dungeon (3/15)

Altars:


Innate Abilities, Weirdness & Mutations

You are too large for most types of armour.
You have claws for hands.
Your metabolism is lightning-fast.
You like to eat raw meat.
Your natural rate of healing is unusually fast.
You are covered in fur. (AC +1)
You have very tough skin. (AC +2)


Message History

The rat bites you but does no damage. The gnoll barely misses you. x2
The gnoll hits you with a club. The adder barely misses you.
The frilled lizard bites you. The adder bites you. The rat closely misses you.
The gnoll hits you!
* * * LOW HITPOINT WARNING * * *
The gnoll hits you with a club.
* * * LOW HITPOINT WARNING * * *
The gnoll closely misses you.
You climb upwards.
There is a stone staircase leading down here.
You barely miss the adder.
The adder is lightly wounded.
The adder barely misses you.
The frilled lizard completely misses you.
You barely miss the adder.
The adder is lightly wounded.
The gnoll hits you with a club!
* * * LOW HITPOINT WARNING * * *
The adder bites you.
You die...

###### #....# #.##.#
#############)##S#
..............rl@#
...##########.##g#
...# #.##g# ...#
#.##.#
...##########.##.#
.................#
...##########.##.##
...##.........##..#
...##.##########รท.#


You could see 2 gnolls, an adder, a frilled lizard and a rat.

Vanquished Creatures
  4 adders (D:2)
  An ooze (D:2)
  A worm (D:2)
  2 dart slugs (D:1)
  4 leopard geckos
  4 bats
  A giant cockroach (D:2)
  A goblin (D:2)
  10 hobgoblins
  6 jackals
  A quokka (D:2)
  5 frilled lizards (D:2)
  5 kobolds
  A quokka zombie (D:2)
  5 rats
51 creatures vanquished.

Notes
Turn   | Place    | Note
-------+----------+-------------------------------------------
     0 | D:1      | Loge the Troll Monk began the quest for the Orb.
     0 | D:1      | Reached XP level 1. HP: 22/22 MP: 0/0
     2 | D:1      | Noticed a minotaur
     2 | D:1      | Noticed a troll
     4 | D:1      | Noticed a centaur
     4 | D:1      | Noticed a naga
     6 | D:1      | Noticed a halfling
     6 | D:1      | Noticed an ogre
     8 | D:1      | Noticed a formicid
    10 | D:1      | Noticed a vine stalker
    12 | D:1      | Noticed a demigod
    12 | D:1      | Noticed a demonspawn
    14 | D:1      | Noticed a human
    14 | D:1      | Noticed a vampire
    16 | D:1      | Noticed an octopode
    18 | D:1      | Noticed a felid
    18 | D:1      | Noticed an elf
    20 | D:1      | Noticed a ghoul
    20 | D:1      | Noticed a tengu
    22 | D:1      | Noticed a dwarf
    24 | D:1      | Noticed a merfolk
    24 | D:1      | Noticed a draconian
    26 | D:1      | Noticed a spriggan
    26 | D:1      | Noticed a gargoyle
   218 | D:1      | Reached XP level 2. HP: 29/29 MP: 1/1
  1052 | D:2      | Reached XP level 3. HP: 36/36 MP: 2/2
  1109 | D:2      | Reached skill level 4 in Unarmed Combat
  1380 | D:2      | Reached XP level 4. HP: 43/45 MP: 3/3
  1644 | D:2      | HP: 2/45 [gnoll/club (10)]
  1644 | D:2      | Slain by an adder

Skill      XL: |  1  2  3 |
---------------+----------+-----
Unarmed Combat | 4 |  4.7
Fighting       | 3 |  3.2
Dodging        | |  2.4
Stealth        | |  1.0

Action                   |  1- 3 |  4- 6 || total
-------------------------+-------+-------++-------
Melee: Unarmed           |    92 |    37 ||   129
       Punch             |       |     2 ||     2
 Stab: Sleeping          |     1 |       ||     1
  Eat: Chunk             |    18 |     2 ||    20
Armor: Robe              |    38 |    13 ||    51
Dodge: Dodged            |    50 |    27 ||    77
